AoeStats
← Rodrigo Lao Tse

Arabia

507861638Analyzed
1v1 RM · 13d ago on Sep 20, 2026· 26m 45s· 2 players
Game mode
Random Map
Map size
Tiny (2 player)
Population
200
Speed
Normal
Resources
Standard
Victory
Conquest
Starting age
Dark Age
Ending age
Imperial Age
RankedLock teamsTeams togetherTeam positionsShared explorationLock speedFull tech treeHidden civsTurbo modeCheats
Victory
Defeat
🇦🇷 Saracens · Argentina
828
+18
🇨🇱 Britons · Chile
869
-38
Rodrigo Lao Tse
11:23 Feudal Age
12:05 Loom
13:43 Horse Collar
20:20 Fletching
22:33 Wheelbarrow
24:56 Castle Age
SepeLio_O
8:02 Loom
11:33 Feudal Age
13:36 Man-at-Arms
17:23 Fletching
21:39 Castle Age
20:11 Scale Mail Armor
21:41 Stone Mining
23:01 Bloodlines
27:14 Scale Barding Armor
Connection lost

Rejoining the realm…

Still unreachable

The connection could not be restored.

Session expired

The server has moved on; the page needs a fresh start.